 Dungeon Crawl Stone Soup version 0.21.0-25-ge575cb9 (webtiles) character file.

7255 Sharkov the Slicer (level 11, -10/77 HPs)
             Began as a Halfling Assassin on Jan 18, 2018.
             Was a Priest of Dithmenos.
             Killed from afar by a hellion (17 damage)
             ... with damnation
             ... on level 2 of the Abyss on Jan 22, 2018.
             The game lasted 00:44:10 (10498 turns).

Sharkov the Slicer (Halfling Assassin)             Turns: 10498, Time: 00:44:11

Health: -10/77     AC:  8    Str: 13    XL:     11   Next: 33%
Magic:  11/11      EV: 20    Int:  9    God:    Dithmenos [***...]
Gold:   443        SH:  0    Dex: 21    Spells: 3/10 levels left

rFire    . . .     SeeInvis .   l - +2 rapier
rCold    . . .     Gourm    .   (shield restricted)
rNeg     . . .     Faith    +   s - +0 leather armour
rPois    .         Spirit   .   r - +0 helmet
rElec    .         Reflect  .   d - +1 cloak
rCorr    .         Harm     .   (no gloves)
MR       .....                  A - +0 pair of boots
Stlth    ++++++....             F - amulet of faith
HPRegen  0.22/turn              J - ring of flight
MPRegen  0.12/turn              (no ring)

@: about to teleport, very slightly contaminated, wreathed by umbra
A: small, talons 1, thin skeletal structure 1, mutation resistance 1
a: Shadow Step, Renounce Religion, Evoke Flight


You were on level 2 of the Abyss.
You worshipped Dithmenos.
Dithmenos was most pleased with you.
You were not hungry.

You visited 1 branch of the dungeon, and saw 12 of its levels.
You visited the Abyss 1 time.

You collected 443 gold pieces.

Inventory:

Hand Weapons
 a - a +2 flail of holy wrath
 b - a +0 blowgun
 l - a +2 rapier (weapon)
 o - a +2 dagger of distortion
 v - a +0 long sword
 G - a +0 hunting sling
Missiles
 e - 65 poisoned needles
 i - 9 curare-tipped needles
 j - 277 stones
 x - 8 tomahawks (quivered)
Armour
 d - a +1 cloak (worn)
 n - a +0 leather armour of fire resistance
 r - a +0 helmet (worn)
 s - a +0 leather armour (worn)
 A - a +0 pair of boots (worn)
Magical Staves
 f - an uncursed staff of wizardry
 y - an uncursed staff of conjuration
Jewellery
 u - an uncursed amulet of rage
 B - an uncursed amulet of guardian spirit
 E - an uncursed amulet of magic regeneration
 F - an amulet of faith (around neck)
 J - a ring of flight (left hand)
Wands
 h - a wand of paralysis (29)
 q - a wand of digging (9)
 K - a wand of iceblast (5)
Scrolls
 c - a scroll of summoning
 m - 4 scrolls of fog
 t - 3 scrolls of remove curse
 D - 2 scrolls of teleportation
Potions
 p - 2 potions of magic
 z - 2 potions of brilliance
 H - a potion of mutation
 I - a potion of flight {unknown}
Books
 k - a book of Misfortune

   Spells                             Type                      Level
   a - Confusing Touch                Hexes                        1
   b - Confuse                        Hexes                        3
   c - Gell's Gravitas                Translocation                3
   d - Petrify                        Transmutation/Earth          4
   e - Metabolic Englaciation         Hexes/Ice                    5
   f - Yara's Violent Unravelling     Hexes/Transmutation          5
 w - a book of Minor Magic

   Spells                             Type                      Level
   a - Magic Dart                     Conjuration                  1
   b - Blink                          Translocation                2
   c - Call Imp                       Summoning                    2
   d - Slow                           Hexes                        2
   e - Conjure Flame                  Conjuration/Fire             3
   f - Mephitic Cloud                 Conjuration/Poison/Air       3
 C - a book of Cantrips

   Spells                             Type                      Level
   a - Confusing Touch                Hexes                        1
   b - Animate Skeleton               Necromancy                   1
   c - Summon Small Mammal            Summoning                    1
   d - Apportation                    Translocation                1
Miscellaneous
 N - a lightning rod (inert)
Comestibles
 g - 9 rations


   Skills:
 - Level 8.2 Fighting
 - Level 12.4 Short Blades
 - Level 2.0 Throwing
 - Level 4.2 Armour
 - Level 6.8 Dodging
 - Level 7.0 Stealth
 - Level 3.5 Hexes


You had 3 spell levels left.
You knew the following spells:

 Your Spells              Type           Power        Failure   Level  Hunger
a - Confusing Touch       Hex            #.....       12%         1    ##.....
b - Apportation           Tloc           #.....       45%         1    ##.....
c - Confuse               Hex            #.......     34%         3    ####...
d - Blink                 Tloc           N/A          58%         2    ###....


Dungeon Overview and Level Annotations

Branches:
Dungeon (12/15)            Temple (0/1) D:4            Lair (0/6) D:10
    Orc (0/2) D:9

Altars:
Ashenzari
Cheibriados
Dithmenos
Gozag
Hepliaklqana
Qazlal
Ru
Trog
Uskayaw
Vehumet
Zin
The Shining One
Beogh

Shops:
D:10 (

Annotations:
D:4 aspa's ghost, novice OpWz
D:12 Erolcha


Innate Abilities, Weirdness & Mutations

You are small and have problems with some larger weapons.
You are somewhat resistant to further mutation.
You have sharp toenails.
You have a somewhat thin skeletal structure. (Dex +2, Stealth)


Message History

Blink to where?
Press: ? - help, Dir - move target cursor You are very lightly contaminated with residual magic.
As you read the scroll of blinking, it crumbles to dust.
Found 28 gold pieces.
Found an encrusted brass wand.
A small abomination comes into view.
The hellion gestures at you.
The sphere of damnation explodes!
The damnation engulfs you!
* * * LOW HITPOINT WARNING * * *
You see here 28 gold pieces.
You see here a wand of iceblast (5).
Sorry, you can't auto-travel out of here.
K - a wand of iceblast (5)
As you read the scroll of teleportation, it crumbles to dust.
You feel strangely unstable.
You feel the power of the Abyss delaying your translocation!
The hellion gestures at you.
The sphere of damnation explodes!
The damnation engulfs you!
You die...

# #########
#.##.......###
............##
##..........##
#............#
#...@........##
#........2$....#
#........#x....#
#........#.....#
....##...#...##.#
##.###....#......#
#..
#####..###.#..# ..
..##..#..## #.# .
#...........#.


You could see a hellion and a small abomination (wandering).

Vanquished Creatures
  A two-headed ogre (D:11)
  Sonja (D:11)
  2 kobold demonologists (D:12)
  A troll (D:10)
  A hippogriff (D:11)
  Sigmund (D:2)
  Eustachio (D:3)
  5 yaks (D:11)
  Menkaure (D:5)
  An acid dragon (D:11)
  A sky beast (D:12)
  2 orc warriors
  An ice beast (D:11)
  A black bear (D:11)
  2 necrophages
  2 phantoms
  5 ogres
  3 centaurs
  A crocodile (D:10)
  5 big kobolds
  5 bullfrogs
  3 scorpions
  5 wights (D:11)
  2 crimson imps (D:8)
  2 centaur zombies
  2 orc priests (D:4)
  3 hounds
  4 jellies
  2 bullfrog skeletons
  8 orc wizards
  3 worker ants
  A hound zombie (D:6)
  2 hound skeletons
  3 gnolls (D:3)
  6 adders
  2 shadow imps
  An ooze (D:3)
  An adder zombie (D:6)
  2 dart slugs (D:1)
  3 leopard geckos
  27 orcs
  2 giant cockroaches
  3 goblins
  5 hobgoblins
  7 jackals
  23 kobolds
  9 quokkas
  4 ball pythons
  A ball python skeleton (D:4)
  13 bats
  3 frilled lizards
  A jackal skeleton (D:7)
  2 leopard gecko skeletons
  A leopard gecko zombie (D:6)
  A quokka skeleton (D:6)
  9 rats
209 creatures vanquished.

Vanquished Creatures (others)
  A plant (D:3)
1 creature vanquished.

Grand Total: 210 creatures vanquished

Notes
Turn   | Place    | Note
-------+----------+-------------------------------------------
     0 | D:1      | Sharkov the Halfling Assassin began the quest for the Orb.
     0 | D:1      | Reached XP level 1. HP: 14/14 MP: 1/1
   100 | D:1      | Reached skill level 3 in Short Blades
   119 | D:1      | Reached XP level 2. HP: 18/19 MP: 2/2
   602 | D:2      | Upgraded the game from 0.21.0-22-g11d5b52 to 0.21.0-25-ge575cb9
   810 | D:2      | Reached skill level 4 in Short Blades
   810 | D:2      | Reached XP level 3. HP: 24/24 MP: 3/3
   839 | D:2      | Noticed Sigmund
   871 | D:2      | Killed Sigmund
   871 | D:2      | Reached skill level 6 in Short Blades
   871 | D:2      | Reached XP level 4. HP: 24/29 MP: 4/4
   871 | D:2      | Reached XP level 5. HP: 28/34 MP: 5/5
  1090 | D:3      | Reached XP level 6. HP: 39/39 MP: 6/6
  1187 | D:3      | Found a hazy altar of Hepliaklqana.
  1344 | D:3      | Found a shattered altar of Ashenzari.
  2382 | D:4      | Found a radiant altar of Vehumet.
  2450 | D:4      | Found a staircase to the Ecumenical Temple.
  2613 | D:4      | Noticed an ogre
  2618 | D:4      | Noticed Eustachio
  2618 | D:4      | Noticed a phantom
  2680 | D:4      | Learned a level 1 spell: Confusing Touch
  2682 | D:4      | Learned a level 1 spell: Apportation
  2707 | D:4      | Found a shadowy altar of Dithmenos.
  2712 | D:4      | Became a worshipper of Dithmenos the Shadowed
  2734 | D:4      | Noticed aspa's ghost (novice OpWz)
  2832 | D:5      | Entered Level 5 of the Dungeon
  2919 | D:4      | Reached XP level 7. HP: 46/46 MP: 7/7
  3187 | D:4      | Found a glowing golden altar of the Shining One.
  3675 | D:5      | Noticed Menkaure
  3740 | D:5      | Reached skill level 5 in Fighting
  3874 | D:5      | Reached XP level 8. HP: 48/56 MP: 6/8
  4064 | D:3      | Killed Eustachio
  4064 | D:3      | Reached * piety under Dithmenos
  4064 | D:3      | Reached skill level 1 in Armour
  4556 | D:6      | Gained mutation: You have a somewhat thin skeletal structure. (Dex +2, Stealth) [potion of mutation]
  4556 | D:6      | Gained mutation: You have sharp toenails. [potion of mutation]
  4569 | D:6      | Reached skill level 5 in Dodging
  4845 | D:6      | Found a snail-covered altar of Cheibriados.
  4894 | D:6      | Found a stormy altar of Qazlal.
  5609 | D:7      | Found a hide-covered altar of Uskayaw.
  5671 | D:7      | Reached XP level 9. HP: 36/61 MP: 9/9
  5917 | D:7      | Found a sacrificial altar of Ru.
  6123 | D:7      | Learned a level 3 spell: Confuse
  6192 | D:7      | Reached skill level 1 in Hexes
  6519 | D:7      | Found a glowing golden altar of the Shining One.
  6523 | D:7      | Found a bloodstained altar of Trog.
  7124 | D:9      | Noticed a two-headed ogre
  7362 | D:9      | Found a staircase to the Orcish Mines.
  7384 | D:9      | Reached skill level 5 in Stealth
  7487 | D:9      | Noticed a troll
  7547 | D:8      | Reached ** piety under Dithmenos
  8371 | D:6      | Found a glowing silver altar of Zin.
  8371 | D:6      | Found an opulent altar of Gozag.
  8553 | D:5      | Killed Menkaure
  8965 | D:4      | Reached skill level 7 in Short Blades
  9103 | D:8      | Reached XP level 10. HP: 68/68 MP: 10/10
  9153 | D:10     | Entered Level 10 of the Dungeon
  9195 | D:10     | Reached skill level 8 in Short Blades
  9358 | D:10     | Noticed a two-headed ogre
  9378 | D:10     | Found Vuffasch's Weapon Shoppe.
  9394 | D:10     | Found a staircase to the Lair.
  9394 | D:10     | Noticed an elephant
  9579 | D:11     | Reached skill level 9 in Short Blades
  9605 | D:11     | Noticed Sonja
  9615 | D:11     | Killed Sonja
  9656 | D:11     | Reached *** piety under Dithmenos
  9722 | D:11     | Reached skill level 10 in Short Blades
  9863 | D:11     | Noticed a two-headed ogre
  9869 | D:11     | Killed a two-headed ogre
  9869 | D:11     | Reached skill level 11 in Short Blades
  9936 | D:11     | Reached XP level 11. HP: 75/75 MP: 11/11
 10258 | D:12     | Found a roughly hewn altar of Beogh.
 10258 | D:12     | Noticed an orc knight
 10277 | D:12     | Reached skill level 12 in Short Blades
 10384 | D:12     | Learned a level 2 spell: Blink
 10414 | D:12     | Noticed Erolcha
 10448 | D:12     | Cast into level 2 of the Abyss (Erolcha)
 10498 | Abyss:2  | Killed from afar by a hellion

Skill      XL: |  1  2  3  4  5  6  7  8  9 10 11 |
---------------+----------------------------------+-----
Short Blades   | 3 4 6 7 11 12 | 12.4
Fighting       | 3 5 7 8 |  8.2
Dodging        | 2 6 |  6.8
Armour         | 3 4 |  4.2
Hexes          | 3 |  3.5
Stealth        | 7 |  7.0
Throwing       | |  2.0

Action                   |  1- 3 |  4- 6 |  7- 9 | 10-12 || total
-------------------------+-------+-------+-------+-------++-------
Melee: Dagger            |    49 |   248 |   135 |       ||   432
       Rapier            |       |       |   372 |   197 ||   569
       Kick              |       |       |   107 |    49 ||   156
       Unarmed           |       |       |       |     1 ||     1
 Fire: Blowgun           |     9 |    15 |    20 |       ||    44
       Hunting sling     |       |       |       |     3 ||     3
Throw: Tomahawk          |       |     4 |       |     4 ||     8
 Cast: Confusing Touch   |       |       |       |     1 ||     1
       Blink             |       |       |       |     1 ||     1
Evoke: Lightning rod     |       |       |       |     4 ||     4
  Use: Scroll            |       |    14 |    12 |     5 ||    31
       Potion            |       |     1 |    11 |     4 ||    16
 Stab: Sleeping          |     6 |     5 |     7 |    13 ||    31
  Eat: Chunk             |       |     6 |     5 |       ||    11
       Ration            |       |       |     5 |     2 ||     7
Armor: Robe              |    10 |    17 |       |       ||    27
       Leather armour    |       |    27 |    68 |    21 ||   116
       Skin              |       |       |    44 |       ||    44
Dodge: Dodged            |    34 |   142 |   393 |   140 ||   709
